Tampa Bay Lightning vs Philadelphia Flyers
(R1)
Created - Friday, March 24, 2023 at 07:22
Goals
|
| Tampa Bay Lightning |
0 |
0 |
4 |
4 |
| Philadelphia Flyers |
1 |
0 |
1 |
2 |
|
Shots
|
| Tampa Bay Lightning |
8 |
6 |
13 |
27 |
| Philadelphia Flyers |
9 |
9 |
6 |
24 |
|
1st period
1. Philadelphia Flyers , Matt Boldy 4 (Yanni Gourde 8) at 19:23
Penalties :
Vladislav Gavrikov (TBL) for Delaying the game (Minor) at 4:16, Kirill Kaprizov (TBL) for Roughing (Minor) at 12:24, Moritz Seider (TBL) for Tripping (Minor) at 16:23
2nd period
No Goal
Penalties :
Justin Faulk (PHI) for Slashing (Minor) at 4:38, Vladislav Gavrikov (TBL) for Holding (Minor) at 9:34, Oliver Ekman-Larsson (PHI) for Slashing (Minor) at 13:54, Carter Verhaeghe (PHI) for Hooking (Minor) at 16:58, Kirill Kaprizov (TBL) for High sticking (Minor) at 17:07
3rd period
2. Philadelphia Flyers , Calle Jarnkrok 2 (Elias Lindholm 7) at 3:36 (SH)
3. Tampa Bay Lightning , Roope Hintz 3 (Darnell Nurse 4) at 5:42
4. Tampa Bay Lightning , Kirill Kaprizov 4 (Johnny Gaudreau 5, Roope Hintz 4) at 13:33
5. Tampa Bay Lightning , Johnny Gaudreau 5 (Tomas Hertl 5) at 13:47
6. Tampa Bay Lightning , Connor Brown 3 (Dylan Cozens 3) at 15:44
Penalties :
Yanni Gourde (PHI) for Holding (Minor) at 3:18, Darnell Nurse (TBL) for Roughing (Minor) at 11:25, Evgenii Dadonov (PHI) for Roughing (Minor) at 15:49
Goalie Stats
Jeremy Swayman (TBL), 22 saves from 24 shots - (0.917), W, 2-1-0, 60:00 minutes
Linus Ullmark (PHI), 23 saves from 27 shots - (0.852), L, 4-3-0, 60:00 minutes
Players Stats for Tampa Bay Lightning
Player Name G A P +/- PIM S H SB GA TA FO MP PP MP PK MP
------------------------------------------------------------------------------------
Alexander Kerfoot 0 0 0 1 0 0 0 0 0 0 0/0 9:03 0:15 1:54
Alexander Romanov 0 0 0 -1 0 0 1 0 0 1 0/0 7:33 0:00 3:25
Anze Kopitar 0 0 0 -2 0 1 1 0 0 0 14/25 19:27 4:46 5:00
Christian Dvorak 0 0 0 -1 0 0 2 2 0 1 0/0 14:49 0:00 5:01
Connor Brown 1 0 1 1 0 2 1 1 1 0 0/0 15:20 0:00 3:09
Darnell Nurse 0 1 1 3 2 0 0 3 0 0 0/0 22:18 2:38 3:31
Dylan Cozens 0 1 1 1 0 1 0 1 1 1 5/5 15:45 3:07 0:01
Gabriel Landeskog 0 0 0 -2 0 2 1 0 2 0 1/3 13:28 4:46 0:20
Hampus Lindholm 0 0 0 -1 0 0 1 0 0 0 0/0 21:16 5:27 2:20
Ivan Barbashev 0 0 0 1 0 2 2 0 0 0 0/0 7:28 0:39 0:00
Johnny Gaudreau 1 1 2 2 0 7 3 0 1 0 1/2 15:50 3:07 0:00
Kirill Kaprizov 1 0 1 1 4 4 1 0 1 0 0/0 18:54 4:27 1:34
Lars Eller 0 0 0 1 0 0 1 0 0 0 0/1 6:41 0:00 0:00
Moritz Seider 0 0 0 1 2 2 3 4 0 1 0/0 24:34 5:27 3:01
Roope Hintz 1 1 2 2 0 3 2 0 1 0 0/0 15:37 2:38 0:00
Ryan Graves 0 0 0 0 0 3 0 0 1 1 0/0 17:57 0:00 4:20
Tomas Hertl 0 1 1 2 0 0 0 0 0 0 12/21 19:11 3:07 3:09
Vladislav Gavrikov 0 0 0 1 4 0 2 3 0 0 0/0 22:49 0:00 3:31
Players Stats for Philadelphia Flyers
Player Name G A P +/- PIM S H SB GA TA FO MP PP MP PK MP
------------------------------------------------------------------------------------
Alexander Barabanov 0 0 0 0 0 0 0 0 1 0 0/0 12:42 0:30 0:00
Alexander Edler 0 0 0 0 0 0 1 0 0 1 0/0 24:04 4:43 4:32
Ben Chiarot 0 0 0 -2 0 1 1 2 2 0 0/0 18:09 0:00 4:00
Calle Jarnkrok 1 0 1 -1 0 1 0 1 0 1 7/12 13:26 0:00 4:15
Calvin de Haan 0 0 0 0 0 2 2 0 0 1 0/0 13:57 0:00 1:20
Carter Verhaeghe 0 0 0 -2 2 3 1 0 1 0 0/0 13:59 4:47 0:00
Derrick Pouliot 0 0 0 -1 0 1 1 0 0 0 0/0 17:09 4:34 0:00
Elias Lindholm 0 1 1 1 0 1 3 0 0 0 11/21 22:35 4:44 4:24
Evan Rodrigues 0 0 0 0 0 0 3 0 0 0 0/1 7:58 0:00 0:00
Evgenii Dadonov 0 0 0 -2 2 1 3 0 0 0 0/0 13:43 4:38 0:00
Justin Faulk 0 0 0 -2 2 3 1 1 0 0 0/0 23:29 5:21 3:08
Marcus Johansson 0 0 0 -1 0 1 3 0 1 0 0/0 11:16 0:33 0:34
Matt Boldy 1 0 1 0 0 3 0 0 0 0 0/0 14:16 5:17 0:00
Oliver Ekman-Larsson 0 0 0 1 2 0 4 0 0 1 0/0 23:57 5:30 3:10
Riley Sheahan 0 0 0 -1 0 0 0 0 0 1 2/3 9:52 0:00 0:00
Tomas Tatar 0 0 0 -1 0 3 0 0 0 0 0/0 9:52 0:00 0:00
Tyler Bertuzzi 0 0 0 0 0 4 1 0 0 2 0/2 22:13 4:56 3:50
Yanni Gourde 0 1 1 0 2 0 2 0 0 1 4/18 17:23 4:47 3:07
3 Stars
1 - Johnny Gaudreau (TBL)
2 - Roope Hintz (TBL)
3 - Connor Brown (TBL)
Power Play
Tampa Bay Lightning - 0 on 5 Attempt(s) - 0.00%
Philadelphia Flyers - 0 on 6 Attempt(s) - 0.00%
Penalty Kill
Tampa Bay Lightning - 6 on 6 Attempt(s) - 100.00%
- Score 0 goal in Penalty Kill
Philadelphia Flyers - 5 on 5 Attempt(s) - 100.00%
- Score 1 goal in Penalty Kill
Team Stat
Tampa Bay Lightning - Hits : 21 - Faceoff Wins : 33 - Blocked Shots : 14 - Penalty Minutes : 12
Philadelphia Flyers - Hits : 26 - Faceoff Wins : 24 - Blocked Shots : 4 - Penalty Minutes : 10
Official
Referees : Dean Morton and Evgeny Romasko
Linesman : Pierre Racicot and Shane Heyer
Game Notes
Alexander Romanov is injured at 0:05 of 2nd period (Left Knee)
6:24 of 3rd period - Philadelphia Flyers goal is going for a video replay. After video review, No Goal. The attacking player has interfered with a goalkeeper in his goal crease.
Finance
Level 1 -- Attendance: 5650 (94.17%) -- Ticket Income $548,050
Level 2 -- Attendance: 4463 (89.26%) -- Ticket Income $254,391
Level 3 -- Attendance: 2232 (74.40%) -- Ticket Income $82,584
Level 4 -- Attendance: 4598 (91.96%) -- Ticket Income $110,352
Luxury Box -- Attendance: 890 (89.00%) -- Ticket Income $173,550
Game was played at the Wells Fargo Center.
Total Attendance: 17833 (89.17%)
Total Ticket Income: $1,168,927
Other Income: $409,124
Total Income: $1,578,051
Tampa Bay Lightning
5 vs 5 Forward
Center Left Wing Right Wing Time % Phy DF OF
1 Tomas Hertl Johnny Gaudreau Kirill Kaprizov 35 0 2 3
2 Anze Kopitar Christian Dvorak Gabriel Landeskog 30 0 2 3
3 Dylan Cozens Roope Hintz Connor Brown 25 0 2 3
4 Lars Eller Alexander Kerfoot Ivan Barbashev 10 0 3 2
5 vs 5 Defense
Defense Defense Time % Phy DF OF
1 Darnell Nurse Moritz Seider 35 1 2 2
2 Vladislav Gavrikov Hampus Lindholm 32 1 2 2
3 Ryan Graves Alexander Romanov 28 1 2 2
4 Darnell Nurse Vladislav Gavrikov 5 1 2 2
PowerPlay Forward
Center Left Wing Right Wing Time % Phy DF OF
1 Anze Kopitar Kirill Kaprizov Gabriel Landeskog 60 0 1 4
2 Tomas Hertl Johnny Gaudreau Dylan Cozens 40 0 1 4
PowerPlay Defense
Defense Defense Time % Phy DF OF
1 Moritz Seider Hampus Lindholm 60 0 2 3
2 Darnell Nurse Roope Hintz 40 0 2 3
Penalty Kill 4 Players Forward
Center Wing Time % Phy DF OF
1 Anze Kopitar Christian Dvorak 60 1 3 1
2 Tomas Hertl Connor Brown 40 1 3 1
Penalty Kill 4 Players Defense
Defense Defense Time % Phy DF OF
1 Vladislav Gavrikov Alexander Romanov 60 1 3 1
2 Darnell Nurse Ryan Graves 40 1 3 1
Penalty Kill - 3 Players Forward
Forward Time % Phy DF OF
1 Tomas Hertl 60 1 4 0
2 Christian Dvorak 40 1 4 0
Penalty Kill - 3 Players Defense
Defense Defense Time % Phy DF OF
1 Vladislav Gavrikov Alexander Romanov 60 2 3 0
2 Darnell Nurse Ryan Graves 40 2 3 0
4 vs 4 Forward
Center Wing Time % Phy DF OF
1 Anze Kopitar Kirill Kaprizov 60 1 2 2
2 Tomas Hertl Johnny Gaudreau 40 1 2 2
4 vs 4 Defense
Defense Defense Time % Phy DF OF
1 Darnell Nurse Moritz Seider 60 1 2 2
2 Vladislav Gavrikov Alexander Romanov 40 1 2 2
Last Minutes Offensive
Center Left Wing Right Wing Defense Defense
Tomas Hertl Johnny Gaudreau Gabriel Landeskog Darnell Nurse Moritz Seider
Last Minutes Defensive
Center Left Wing Right Wing Defense Defense
Tomas Hertl Ivan Barbashev Connor Brown Darnell Nurse Vladislav Gavrikov
Goaltenders
Starting : Jeremy Swayman
Backup : Darcy Kuemper
Extra Forwards
Normal : Kirill Kaprizov, Roope Hintz, Johnny Gaudreau - PP : Ivan Barbashev, Alexander Kerfoot - PK : Alexander Kerfoot
Extra Defensemen
Normal : Moritz Seider, Vladislav Gavrikov, Ryan Graves - PP : Vladislav Gavrikov - PK : Moritz Seider, Hampus Lindholm
Penalty Shots
Christian Dvorak, Alexander Kerfoot, Kirill Kaprizov, Johnny Gaudreau, Gabriel Landeskog
Philadelphia Flyers
5 vs 5 Forward
Center Left Wing Right Wing Time % Phy DF OF
1 Elias Lindholm Tyler Bertuzzi Alexander Barabanov 30 1 1 3
2 Yanni Gourde Matt Boldy Evan Rodrigues 25 0 2 3
3 Calle Jarnkrok Carter Verhaeghe Evgenii Dadonov 25 0 2 3
4 Riley Sheahan Tomas Tatar Marcus Johansson 20 1 2 2
5 vs 5 Defense
Defense Defense Time % Phy DF OF
1 Justin Faulk Ben Chiarot 35 1 2 2
2 Oliver Ekman-Larsson Alexander Edler 35 1 2 2
3 Derrick Pouliot Calvin de Haan 30 1 2 2
4 Justin Faulk Ben Chiarot 0 1 2 2
PowerPlay Forward
Center Left Wing Right Wing Time % Phy DF OF
1 Elias Lindholm Tyler Bertuzzi Matt Boldy 55 0 1 4
2 Yanni Gourde Carter Verhaeghe Evgenii Dadonov 45 0 1 4
PowerPlay Defense
Defense Defense Time % Phy DF OF
1 Justin Faulk Oliver Ekman-Larsson 55 0 2 3
2 Alexander Edler Derrick Pouliot 45 0 2 3
Penalty Kill 4 Players Forward
Center Wing Time % Phy DF OF
1 Elias Lindholm Tyler Bertuzzi 50 1 3 1
2 Yanni Gourde Calle Jarnkrok 50 1 3 1
Penalty Kill 4 Players Defense
Defense Defense Time % Phy DF OF
1 Justin Faulk Ben Chiarot 50 1 4 0
2 Oliver Ekman-Larsson Alexander Edler 50 1 4 0
Penalty Kill - 3 Players Forward
Forward Time % Phy DF OF
1 Elias Lindholm 50 0 4 1
2 Yanni Gourde 50 0 4 1
Penalty Kill - 3 Players Defense
Defense Defense Time % Phy DF OF
1 Justin Faulk Ben Chiarot 50 0 5 0
2 Oliver Ekman-Larsson Alexander Edler 50 0 5 0
4 vs 4 Forward
Center Wing Time % Phy DF OF
1 Elias Lindholm Tyler Bertuzzi 50 1 1 3
2 Yanni Gourde Matt Boldy 50 1 1 3
4 vs 4 Defense
Defense Defense Time % Phy DF OF
1 Justin Faulk Ben Chiarot 50 1 2 2
2 Oliver Ekman-Larsson Alexander Edler 50 1 2 2
Last Minutes Offensive
Center Left Wing Right Wing Defense Defense
Elias Lindholm Tyler Bertuzzi Matt Boldy Justin Faulk Oliver Ekman-Larsson
Last Minutes Defensive
Center Left Wing Right Wing Defense Defense
Elias Lindholm Tyler Bertuzzi Yanni Gourde Justin Faulk Ben Chiarot
Goaltenders
Starting : Linus Ullmark
Backup : Mackenzie Blackwood
Extra Forwards
Normal : Elias Lindholm, Yanni Gourde, Carter Verhaeghe - PP : Elias Lindholm, Yanni Gourde - PK : Elias Lindholm
Extra Defensemen
Normal : Justin Faulk, Oliver Ekman-Larsson, Alexander Edler - PP : Justin Faulk - PK : Ben Chiarot, Alexander Edler
Penalty Shots
Evan Rodrigues, Calle Jarnkrok, Elias Lindholm, Calvin de Haan, Riley Sheahan
% Time on Ice - Tampa Bay Lightning
Lines # - Real PCT - Wanted PCT - Time Play
Normal Forward
1 - 32% - 35% - 12:56
2 - 23% - 30% - 9:02
3 - 28% - 25% - 11:22
4 - 17% - 10% - 6:41
Normal Defense
1 - 33% - 35% - 13:05
2 - 32% - 32% - 12:38
3 - 33% - 28% - 13:03
4 - 3% - 5% - 1:15
PP Forward
1 - 61% - 60% - 4:58
2 - 39% - 40% - 3:07
PP Defense
1 - 67% - 60% - 5:27
2 - 33% - 40% - 2:38
PK Forward
1 - 69% - 60% - 6:55
2 - 31% - 40% - 3:09
PK Defense
1 - 67% - 60% - 6:43
2 - 33% - 40% - 3:21
PK3 Forward
1 - 0% - 60%
2 - 0% - 40%
PK3 Defense
1 - 0% - 60%
2 - 0% - 40%
44 Forward
1 - 100% - 60% - 1:50
2 - 0% - 40% - 0:00
44 Defense
1 - 47% - 60% - 0:52
2 - 53% - 40% - 0:58
Last Minute Offensive - 0:00
Last Minute Defensive - 0:00
Total
Forward - 60:00
Defense - 60:00
|
% Time on Ice - Philadelphia Flyers
Lines # - Real PCT - Wanted PCT - Time Play
Normal Forward
1 - 32% - 30% - 12:45
2 - 21% - 25% - 8:26
3 - 22% - 25% - 8:58
4 - 25% - 20% - 9:52
Normal Defense
1 - 35% - 35% - 14:01
2 - 34% - 35% - 13:30
3 - 30% - 30% - 12:10
4 - 1% - 0% - 0:20
PP Forward
1 - 52% - 55% - 5:17
2 - 48% - 45% - 4:47
PP Defense
1 - 53% - 55% - 5:21
2 - 47% - 45% - 4:43
PK Forward
1 - 47% - 50% - 3:50
2 - 53% - 50% - 4:15
PK Defense
1 - 53% - 50% - 4:18
2 - 47% - 50% - 3:47
PK3 Forward
1 - 0% - 50%
2 - 0% - 50%
PK3 Defense
1 - 0% - 50%
2 - 0% - 50%
44 Forward
1 - 50% - 50% - 0:55
2 - 50% - 50% - 0:55
44 Defense
1 - 53% - 50% - 0:58
2 - 47% - 50% - 0:52
Last Minute Offensive - 0:00
Last Minute Defensive - 0:00
Total
Forward - 60:00
Defense - 60:00
|
Play-by-Play
1st period
0:01 of 1st period - Tomas Hertl wins face-off versus Elias Lindholm in neutral zone.
0:06 of 1st period - Wrist shot by Kirill Kaprizov.
0:06 of 1st period - Shot Blocked by Ben Chiarot.
0:13 of 1st period - Off-side.
0:14 of 1st period - Anze Kopitar wins face-off versus Yanni Gourde in neutral zone.
0:47 of 1st period - Wrist shot by Dylan Cozens.
0:47 of 1st period - Stopped by Linus Ullmark with a rebound.
0:49 of 1st period - Snap shot by Vladislav Gavrikov.
0:49 of 1st period - Shot Misses the Net.
2:19 of 1st period - Wrist shot by Roope Hintz.
2:19 of 1st period - Stopped by Linus Ullmark with a rebound.
2:55 of 1st period - Slapshot by Elias Lindholm.
2:55 of 1st period - Deflect By Tyler Bertuzzi.
2:55 of 1st period - Shot Blocked by Moritz Seider.
2:55 of 1st period - Puck is out of play.
2:56 of 1st period - Anze Kopitar wins face-off versus Elias Lindholm in Tampa Bay Lightning zone.
3:01 of 1st period - Ben Chiarot is hit by Vladislav Gavrikov and loses puck.
3:30 of 1st period - Wrist shot by Tyler Bertuzzi.
3:30 of 1st period - Shot Blocked by Connor Brown.
3:32 of 1st period - Slapshot by Ben Chiarot.
3:32 of 1st period - Stopped by Jeremy Swayman with a rebound.
3:36 of 1st period - Wrist shot by Elias Lindholm.
3:36 of 1st period - Shot Blocked by Moritz Seider.
3:38 of 1st period - Slapshot by Ben Chiarot.
3:38 of 1st period - Shot Blocked by Moritz Seider.
4:08 of 1st period - Snap shot by Tyler Bertuzzi.
4:08 of 1st period - Stopped by Jeremy Swayman with a rebound.
4:10 of 1st period - Slapshot by Justin Faulk.
4:10 of 1st period - Stopped by Jeremy Swayman with a rebound.
4:12 of 1st period - Slapshot by Justin Faulk.
4:12 of 1st period - Stopped by Jeremy Swayman without a rebound.
4:13 of 1st period - Tomas Hertl wins face-off versus Yanni Gourde in Tampa Bay Lightning zone.
4:13 of 1st period - Tomas Hertl is hit by Evan Rodrigues.
4:16 of 1st period - Minor Penalty to Vladislav Gavrikov for Delaying the game.
4:17 of 1st period - Anze Kopitar wins face-off versus Yanni Gourde in Tampa Bay Lightning zone.
4:39 of 1st period - Anze Kopitar is hit by Evgenii Dadonov and loses puck.
6:00 of 1st period - Alexander Edler is hit by Alexander Romanov and loses puck.
6:09 of 1st period - Snap shot by Kirill Kaprizov.
6:09 of 1st period - Stopped by Linus Ullmark with a rebound.
6:11 of 1st period - Slapshot by Darnell Nurse.
6:11 of 1st period - Deflect By Kirill Kaprizov.
6:11 of 1st period - Shot Misses the Net.
6:11 of 1st period - Puck is out of play.
6:12 of 1st period - Anze Kopitar wins face-off versus Yanni Gourde in Philadelphia Flyers zone.
6:16 of 1st period - Penalty to Vladislav Gavrikov is over, Vladislav Gavrikov is back on ice.
6:40 of 1st period - Riley Sheahan is hit by Connor Brown and loses puck.
6:49 of 1st period - Snap shot by Kirill Kaprizov.
6:49 of 1st period - Stopped by Linus Ullmark without a rebound.
6:50 of 1st period - Calle Jarnkrok wins face-off versus Gabriel Landeskog in Philadelphia Flyers zone.
6:55 of 1st period - Darnell Nurse is hit by Calvin de Haan and loses puck.
7:36 of 1st period - Snap shot by Johnny Gaudreau.
7:36 of 1st period - Stopped by Linus Ullmark with a rebound.
7:42 of 1st period - Johnny Gaudreau is hit by Ben Chiarot and loses puck.
7:51 of 1st period - Tomas Hertl is hit by Elias Lindholm and loses puck.
8:24 of 1st period - Calvin de Haan is hit by Vladislav Gavrikov and loses puck.
8:31 of 1st period - Riley Sheahan is hit by Ivan Barbashev and loses puck.
8:46 of 1st period - Vladislav Gavrikov is hit by Oliver Ekman-Larsson and loses puck.
9:29 of 1st period - Snap shot by Alexander Kerfoot.
9:29 of 1st period - Shot Blocked by Justin Faulk.
10:00 of 1st period - Wrist shot by Ivan Barbashev.
10:00 of 1st period - Stopped by Linus Ullmark without a rebound.
10:01 of 1st period - Johnny Gaudreau wins face-off versus Calle Jarnkrok in Philadelphia Flyers zone.
10:10 of 1st period - Snap shot by Johnny Gaudreau.
10:10 of 1st period - Shot Misses the Net.
10:37 of 1st period - Slapshot by Gabriel Landeskog.
10:37 of 1st period - Shot Misses the Net.
11:13 of 1st period - Snap shot by Carter Verhaeghe.
11:13 of 1st period - Shot Misses the Net.
11:23 of 1st period - Calle Jarnkrok is hit by Moritz Seider and loses puck.
12:09 of 1st period - Wrist shot by Roope Hintz.
12:09 of 1st period - Stopped by Linus Ullmark without a rebound.
12:10 of 1st period - Yanni Gourde wins face-off versus Tomas Hertl in Philadelphia Flyers zone.
12:24 of 1st period - Minor Penalty to Kirill Kaprizov for Roughing.
12:25 of 1st period - Elias Lindholm wins face-off versus Anze Kopitar in Tampa Bay Lightning zone.
12:27 of 1st period - Snap shot by Matt Boldy.
12:27 of 1st period - Stopped by Jeremy Swayman without a rebound.
12:28 of 1st period - Anze Kopitar wins face-off versus Elias Lindholm in Tampa Bay Lightning zone.
12:43 of 1st period - Wrist shot by Matt Boldy.
12:43 of 1st period - Shot Blocked by Vladislav Gavrikov.
14:24 of 1st period - Penalty to Kirill Kaprizov is over, Kirill Kaprizov is back on ice.
14:31 of 1st period - Alexander Romanov is hit by Marcus Johansson and loses puck.
14:46 of 1st period - Darnell Nurse is hit by Evan Rodrigues and loses puck.
15:55 of 1st period - Icing by Marcus Johansson.
15:56 of 1st period - Dylan Cozens wins face-off versus Elias Lindholm in Philadelphia Flyers zone.
16:10 of 1st period - Snap shot by Connor Brown.
16:10 of 1st period - Deflect By Dylan Cozens.
16:10 of 1st period - Shot Misses the Net.
16:10 of 1st period - Puck is out of play.
16:11 of 1st period - Tomas Hertl wins face-off versus Yanni Gourde in Philadelphia Flyers zone.
16:23 of 1st period - Minor Penalty to Moritz Seider for Tripping.
16:24 of 1st period - Anze Kopitar wins face-off versus Elias Lindholm in Tampa Bay Lightning zone.
16:24 of 1st period - Anze Kopitar is hit by Oliver Ekman-Larsson.
16:58 of 1st period - Snap shot by Justin Faulk.
16:58 of 1st period - Deflect By Carter Verhaeghe.
16:58 of 1st period - Stopped by Jeremy Swayman with a rebound.
17:00 of 1st period - Slapshot by Carter Verhaeghe.
17:00 of 1st period - Shot Blocked by Vladislav Gavrikov.
18:23 of 1st period - Penalty to Moritz Seider is over, Moritz Seider is back on ice.
18:31 of 1st period - Off-side.
18:32 of 1st period - Riley Sheahan wins face-off versus Lars Eller in neutral zone.
18:47 of 1st period - Snap shot by Tomas Tatar.
18:47 of 1st period - Stopped by Jeremy Swayman without a rebound.
18:48 of 1st period - Tomas Hertl wins face-off versus Elias Lindholm in Tampa Bay Lightning zone.
19:14 of 1st period - Ryan Graves is hit by Calvin de Haan and loses puck.
19:23 of 1st period - Slapshot by Matt Boldy.
19:23 of 1st period - Goal by Matt Boldy - Tampa Bay Lightning : 0 - Philadelphia Flyers : 1.
19:24 of 1st period - Elias Lindholm wins face-off versus Johnny Gaudreau in neutral zone.
19:41 of 1st period - Wrist shot by Kirill Kaprizov.
19:41 of 1st period - Stopped by Linus Ullmark without a rebound.
19:42 of 1st period - Yanni Gourde wins face-off versus Anze Kopitar in Philadelphia Flyers zone.
19:51 of 1st period - Wrist shot by Matt Boldy.
19:51 of 1st period - Stopped by Jeremy Swayman without a rebound.
19:52 of 1st period - Yanni Gourde wins face-off versus Anze Kopitar in Tampa Bay Lightning zone.
Goals for this period are 0 for Tampa Bay Lightning vs 1 for Philadelphia Flyers.
Shots for this period are 8 for Tampa Bay Lightning vs 9 for Philadelphia Flyers.
2nd period
0:01 of 2nd period - Calle Jarnkrok wins face-off versus Tomas Hertl in neutral zone.
0:04 of 2nd period - Alexander Romanov is hit by Carter Verhaeghe and loses puck.
0:05 of 2nd period - Alexander Romanov from Tampa Bay Lightning is injured at 0:05 of 2nd period (Left Knee).
0:06 of 2nd period - Tomas Hertl wins face-off versus Elias Lindholm in Tampa Bay Lightning zone.
0:19 of 2nd period - Snap shot by Tyler Bertuzzi.
0:19 of 2nd period - Shot Blocked by Vladislav Gavrikov.
0:56 of 2nd period - Slapshot by Roope Hintz.
0:56 of 2nd period - Shot Misses the Net.
1:18 of 2nd period - Ben Chiarot is hit by Ivan Barbashev and loses puck.
1:53 of 2nd period - Snap shot by Carter Verhaeghe.
1:53 of 2nd period - Stopped by Jeremy Swayman without a rebound.
1:54 of 2nd period - Calle Jarnkrok wins face-off versus Gabriel Landeskog in Tampa Bay Lightning zone.
1:59 of 2nd period - Wrist shot by Calle Jarnkrok.
1:59 of 2nd period - Shot Misses the Net.
2:01 of 2nd period - Slapshot by Calvin de Haan.
2:01 of 2nd period - Stopped by Jeremy Swayman without a rebound.
2:02 of 2nd period - Tomas Hertl wins face-off versus Yanni Gourde in Tampa Bay Lightning zone.
2:54 of 2nd period - Calle Jarnkrok is hit by Moritz Seider and loses puck.
3:21 of 2nd period - Icing by Ryan Graves.
3:22 of 2nd period - Tomas Hertl wins face-off versus Yanni Gourde in Tampa Bay Lightning zone.
3:47 of 2nd period - Johnny Gaudreau is hit by Evgenii Dadonov and loses puck.
3:56 of 2nd period - Backhand shot by Evgenii Dadonov.
3:56 of 2nd period - Shot Misses the Net.
4:14 of 2nd period - Wrist shot by Kirill Kaprizov.
4:14 of 2nd period - Shot Misses the Net.
4:16 of 2nd period - Snap shot by Tomas Hertl.
4:16 of 2nd period - Shot Misses the Net.
4:26 of 2nd period - Snap shot by Johnny Gaudreau.
4:26 of 2nd period - Stopped by Linus Ullmark with a rebound.
4:28 of 2nd period - Snap shot by Ryan Graves.
4:28 of 2nd period - Stopped by Linus Ullmark with a rebound.
4:30 of 2nd period - Slapshot by Johnny Gaudreau.
4:30 of 2nd period - Stopped by Linus Ullmark with a rebound.
4:32 of 2nd period - Snap shot by Ryan Graves.
4:32 of 2nd period - Stopped by Linus Ullmark without a rebound.
4:33 of 2nd period - Anze Kopitar wins face-off versus Yanni Gourde in Philadelphia Flyers zone.
4:36 of 2nd period - Snap shot by Gabriel Landeskog.
4:36 of 2nd period - Shot Misses the Net.
4:38 of 2nd period - Minor Penalty to Justin Faulk for Slashing.
4:39 of 2nd period - Elias Lindholm wins face-off versus Anze Kopitar in Philadelphia Flyers zone.
4:39 of 2nd period - Elias Lindholm is hit by Kirill Kaprizov.
5:13 of 2nd period - Wrist shot by Tyler Bertuzzi.
5:13 of 2nd period - Shot Blocked by Moritz Seider.
6:38 of 2nd period - Penalty to Justin Faulk is over, Justin Faulk is back on ice.
6:41 of 2nd period - Elias Lindholm is hit by Anze Kopitar and loses puck.
6:52 of 2nd period - Slapshot by Marcus Johansson.
6:52 of 2nd period - Stopped by Jeremy Swayman with a rebound.
7:04 of 2nd period - Wrist shot by Connor Brown.
7:04 of 2nd period - Stopped by Linus Ullmark without a rebound.
7:05 of 2nd period - Dylan Cozens wins face-off versus Yanni Gourde in Philadelphia Flyers zone.
7:14 of 2nd period - Snap shot by Christian Dvorak.
7:14 of 2nd period - Shot Misses the Net.
8:21 of 2nd period - Snap shot by Yanni Gourde.
8:21 of 2nd period - Shot Blocked by Darnell Nurse.
8:34 of 2nd period - Icing by Johnny Gaudreau.
8:35 of 2nd period - Tomas Hertl wins face-off versus Riley Sheahan in Tampa Bay Lightning zone.
8:40 of 2nd period - Tomas Tatar is hit by Gabriel Landeskog and loses puck.
8:53 of 2nd period - Moritz Seider is hit by Oliver Ekman-Larsson and loses puck.
9:10 of 2nd period - Snap shot by Tomas Tatar.
9:10 of 2nd period - Stopped by Jeremy Swayman without a rebound.
9:11 of 2nd period - Elias Lindholm wins face-off versus Tomas Hertl in Tampa Bay Lightning zone.
9:34 of 2nd period - Minor Penalty to Vladislav Gavrikov for Holding.
9:35 of 2nd period - Elias Lindholm wins face-off versus Anze Kopitar in Tampa Bay Lightning zone.
10:02 of 2nd period - Snap shot by Evgenii Dadonov.
10:02 of 2nd period - Shot Misses the Net.
10:04 of 2nd period - Slapshot by Yanni Gourde.
10:04 of 2nd period - Shot Misses the Net.
10:06 of 2nd period - Slapshot by Derrick Pouliot.
10:06 of 2nd period - Stopped by Jeremy Swayman with a rebound.
10:08 of 2nd period - Wrist shot by Evgenii Dadonov.
10:08 of 2nd period - Stopped by Jeremy Swayman with a rebound.
10:10 of 2nd period - Slapshot by Alexander Edler.
10:10 of 2nd period - Shot Misses the Net.
10:30 of 2nd period - Ryan Graves is hit by Derrick Pouliot and loses puck.
11:34 of 2nd period - Penalty to Vladislav Gavrikov is over, Vladislav Gavrikov is back on ice.
12:36 of 2nd period - Alexander Edler is hit by Christian Dvorak and loses puck.
12:47 of 2nd period - Connor Brown is hit by Marcus Johansson.
13:17 of 2nd period - Derrick Pouliot is hit by Lars Eller and loses puck.
13:24 of 2nd period - Wrist shot by Ivan Barbashev.
13:24 of 2nd period - Stopped by Linus Ullmark with a rebound.
13:49 of 2nd period - Roope Hintz is hit by Yanni Gourde.
13:54 of 2nd period - Minor Penalty to Oliver Ekman-Larsson for Slashing.
13:55 of 2nd period - Anze Kopitar wins face-off versus Yanni Gourde in Philadelphia Flyers zone.
14:26 of 2nd period - Roope Hintz is hit by Elias Lindholm and loses puck.
14:35 of 2nd period - Tyler Bertuzzi is hit by Johnny Gaudreau and loses puck.
15:54 of 2nd period - Penalty to Oliver Ekman-Larsson is over, Oliver Ekman-Larsson is back on ice.
16:22 of 2nd period - Tyler Bertuzzi is hit by Roope Hintz and loses puck.
16:58 of 2nd period - Minor Penalty to Carter Verhaeghe for Hooking.
16:59 of 2nd period - Anze Kopitar wins face-off versus Yanni Gourde in Philadelphia Flyers zone.
17:07 of 2nd period - Minor Penalty to Kirill Kaprizov for High sticking.
17:08 of 2nd period - Yanni Gourde wins face-off versus Anze Kopitar in Tampa Bay Lightning zone.
17:35 of 2nd period - Justin Faulk is hit by Moritz Seider and loses puck.
17:50 of 2nd period - Snap shot by Johnny Gaudreau.
17:50 of 2nd period - Shot Blocked by Ben Chiarot.
18:58 of 2nd period - Penalty to Carter Verhaeghe is over, Carter Verhaeghe is back on ice.
19:07 of 2nd period - Penalty to Kirill Kaprizov is over, Kirill Kaprizov is back on ice.
19:19 of 2nd period - Wrist shot by Carter Verhaeghe.
19:19 of 2nd period - Stopped by Jeremy Swayman without a rebound.
19:20 of 2nd period - Riley Sheahan wins face-off versus Tomas Hertl in Tampa Bay Lightning zone.
19:45 of 2nd period - Connor Brown is hit by Evgenii Dadonov and loses puck.
19:52 of 2nd period - Wrist shot by Carter Verhaeghe.
19:52 of 2nd period - Shot Blocked by Dylan Cozens.
19:54 of 2nd period - Slapshot by Calvin de Haan.
19:54 of 2nd period - Deflect By Roope Hintz.
19:54 of 2nd period - Stopped by Jeremy Swayman without a rebound.
19:55 of 2nd period - Elias Lindholm wins face-off versus Anze Kopitar in Tampa Bay Lightning zone.
19:56 of 2nd period - Snap shot by Tyler Bertuzzi.
19:56 of 2nd period - Stopped by Jeremy Swayman with a rebound.
Goals for this period are 0 for Tampa Bay Lightning vs 0 for Philadelphia Flyers.
Shots for this period are 6 for Tampa Bay Lightning vs 9 for Philadelphia Flyers.
3rd period
0:01 of 3rd period - Anze Kopitar wins face-off versus Elias Lindholm in neutral zone.
0:12 of 3rd period - Alexander Barabanov is hit by Christian Dvorak and loses puck.
0:34 of 3rd period - Tomas Hertl is hit by Yanni Gourde and loses puck.
1:01 of 3rd period - Slapshot by Dylan Cozens.
1:01 of 3rd period - Shot Misses the Net.
1:20 of 3rd period - Slapshot by Justin Faulk.
1:20 of 3rd period - Stopped by Jeremy Swayman without a rebound.
1:21 of 3rd period - Gabriel Landeskog wins face-off versus Elias Lindholm in Tampa Bay Lightning zone.
1:26 of 3rd period - Slapshot by Elias Lindholm.
1:26 of 3rd period - Deflect By Gabriel Landeskog.
1:26 of 3rd period - Shot Blocked by Darnell Nurse.
1:26 of 3rd period - Puck is out of play.
1:27 of 3rd period - Elias Lindholm wins face-off versus Anze Kopitar in Tampa Bay Lightning zone.
1:30 of 3rd period - Wrist shot by Elias Lindholm.
1:30 of 3rd period - Shot Misses the Net.
1:42 of 3rd period - Snap shot by Tyler Bertuzzi.
1:42 of 3rd period - Shot Blocked by Christian Dvorak.
1:44 of 3rd period - Slapshot by Elias Lindholm.
1:44 of 3rd period - Stopped by Jeremy Swayman without a rebound.
1:45 of 3rd period - Tomas Hertl wins face-off versus Yanni Gourde in Tampa Bay Lightning zone.
1:50 of 3rd period - Slapshot by Johnny Gaudreau.
1:50 of 3rd period - Shot Misses the Net.
2:02 of 3rd period - Matt Boldy is hit by Johnny Gaudreau and loses puck.
2:46 of 3rd period - Alexander Barabanov is hit by Hampus Lindholm and loses puck.
3:18 of 3rd period - Minor Penalty to Yanni Gourde for Holding.
3:19 of 3rd period - Anze Kopitar wins face-off versus Elias Lindholm in Philadelphia Flyers zone.
3:30 of 3rd period - Icing by Gabriel Landeskog.
3:31 of 3rd period - Elias Lindholm wins face-off versus Anze Kopitar in Tampa Bay Lightning zone.
3:34 of 3rd period - Snap shot by Elias Lindholm.
3:34 of 3rd period - Shot Misses the Net.
3:36 of 3rd period - Snap shot by Calle Jarnkrok.
3:36 of 3rd period - Goal by Calle Jarnkrok - Tampa Bay Lightning : 0 - Philadelphia Flyers : 2.
3:37 of 3rd period - Elias Lindholm wins face-off versus Anze Kopitar in neutral zone.
3:54 of 3rd period - Slapshot by Anze Kopitar.
3:54 of 3rd period - Stopped by Linus Ullmark without a rebound.
3:55 of 3rd period - Elias Lindholm wins face-off versus Tomas Hertl in Philadelphia Flyers zone.
4:18 of 3rd period - Moritz Seider is hit by Justin Faulk and loses puck.
5:18 of 3rd period - Penalty to Yanni Gourde is over, Yanni Gourde is back on ice.
5:34 of 3rd period - Darnell Nurse is hit by Evan Rodrigues.
5:42 of 3rd period - Wrist shot by Roope Hintz.
5:42 of 3rd period - Goal by Roope Hintz - Tampa Bay Lightning : 1 - Philadelphia Flyers : 2.
5:43 of 3rd period - Dylan Cozens wins face-off versus Tyler Bertuzzi in neutral zone.
5:48 of 3rd period - Oliver Ekman-Larsson is hit by Roope Hintz and loses puck.
6:20 of 3rd period - Slapshot by Elias Lindholm.
6:20 of 3rd period - Shot Misses the Net.
6:22 of 3rd period - Wrist shot by Alexander Barabanov.
6:22 of 3rd period - Shot Misses the Net.
6:24 of 3rd period - Slapshot by Tyler Bertuzzi.
6:24 of 3rd period - Philadelphia Flyers goal is going for a video replay.
6:24 of 3rd period - The goal is refused. The attacking player has interfered with a goalkeeper in his goal crease..
6:25 of 3rd period - Tomas Hertl wins face-off versus Calle Jarnkrok in Tampa Bay Lightning zone.
6:34 of 3rd period - Snap shot by Calle Jarnkrok.
6:34 of 3rd period - Shot Misses the Net.
7:56 of 3rd period - Snap shot by Elias Lindholm.
7:56 of 3rd period - Deflect By Tyler Bertuzzi.
7:56 of 3rd period - Stopped by Jeremy Swayman with a rebound.
8:31 of 3rd period - Moritz Seider is hit by Alexander Edler and loses puck.
8:40 of 3rd period - Connor Brown is hit by Oliver Ekman-Larsson.
9:38 of 3rd period - Snap shot by Tyler Bertuzzi.
9:38 of 3rd period - Shot Blocked by Darnell Nurse.
9:40 of 3rd period - Wrist shot by Tyler Bertuzzi.
9:40 of 3rd period - Deflect By Elias Lindholm.
9:40 of 3rd period - Shot Misses the Net.
9:40 of 3rd period - Puck is out of play.
9:41 of 3rd period - Calle Jarnkrok wins face-off versus Tomas Hertl in Tampa Bay Lightning zone.
10:19 of 3rd period - Slapshot by Matt Boldy.
10:19 of 3rd period - Shot Misses the Net.
10:36 of 3rd period - Snap shot by Tomas Tatar.
10:36 of 3rd period - Stopped by Jeremy Swayman without a rebound.
10:37 of 3rd period - Calle Jarnkrok wins face-off versus Tomas Hertl in Tampa Bay Lightning zone.
10:52 of 3rd period - Wrist shot by Johnny Gaudreau.
10:52 of 3rd period - Stopped by Linus Ullmark without a rebound.
10:53 of 3rd period - Anze Kopitar wins face-off versus Yanni Gourde in Philadelphia Flyers zone.
10:54 of 3rd period - Wrist shot by Gabriel Landeskog.
10:54 of 3rd period - Stopped by Linus Ullmark with a rebound.
11:09 of 3rd period - Snap shot by Gabriel Landeskog.
11:09 of 3rd period - Stopped by Linus Ullmark without a rebound.
11:10 of 3rd period - Calle Jarnkrok wins face-off versus Tomas Hertl in Philadelphia Flyers zone.
11:10 of 3rd period - Calle Jarnkrok is hit by Johnny Gaudreau.
11:25 of 3rd period - Minor Penalty to Darnell Nurse for Roughing.
11:26 of 3rd period - Anze Kopitar wins face-off versus Yanni Gourde in Tampa Bay Lightning zone.
12:15 of 3rd period - Snap shot by Evgenii Dadonov.
12:15 of 3rd period - Shot Blocked by Christian Dvorak.
13:25 of 3rd period - Penalty to Darnell Nurse is over, Darnell Nurse is back on ice.
13:33 of 3rd period - Snap shot by Kirill Kaprizov.
13:33 of 3rd period - Goal by Kirill Kaprizov - Tampa Bay Lightning : 2 - Philadelphia Flyers : 2.
13:34 of 3rd period - Tomas Hertl wins face-off versus Calle Jarnkrok in neutral zone.
13:45 of 3rd period - Wrist shot by Johnny Gaudreau.
13:45 of 3rd period - Shot Misses the Net.
13:47 of 3rd period - Snap shot by Johnny Gaudreau.
13:47 of 3rd period - Goal by Johnny Gaudreau - Tampa Bay Lightning : 3 - Philadelphia Flyers : 2.
13:48 of 3rd period - Tomas Hertl wins face-off versus Evan Rodrigues in neutral zone.
14:23 of 3rd period - Christian Dvorak is hit by Elias Lindholm.
14:47 of 3rd period - Dylan Cozens is hit by Marcus Johansson and loses puck.
15:04 of 3rd period - Wrist shot by Carter Verhaeghe.
15:04 of 3rd period - Deflect By Evgenii Dadonov.
15:04 of 3rd period - Shot Misses the Net.
15:04 of 3rd period - Puck is out of play.
15:05 of 3rd period - Calle Jarnkrok wins face-off versus Tomas Hertl in Tampa Bay Lightning zone.
15:34 of 3rd period - Slapshot by Johnny Gaudreau.
15:34 of 3rd period - Stopped by Linus Ullmark with a rebound.
15:36 of 3rd period - Slapshot by Ryan Graves.
15:36 of 3rd period - Stopped by Linus Ullmark with a rebound.
15:38 of 3rd period - Wrist shot by Tomas Hertl.
15:38 of 3rd period - Shot Misses the Net.
15:40 of 3rd period - Snap shot by Vladislav Gavrikov.
15:40 of 3rd period - Shot Misses the Net.
15:42 of 3rd period - Snap shot by Johnny Gaudreau.
15:42 of 3rd period - Stopped by Linus Ullmark without a rebound.
15:43 of 3rd period - Dylan Cozens wins face-off versus Calle Jarnkrok in Philadelphia Flyers zone.
15:44 of 3rd period - Wrist shot by Connor Brown.
15:44 of 3rd period - Goal by Connor Brown - Tampa Bay Lightning : 4 - Philadelphia Flyers : 2.
15:45 of 3rd period - Dylan Cozens wins face-off versus Calle Jarnkrok in neutral zone.
15:49 of 3rd period - Minor Penalty to Evgenii Dadonov for Roughing.
15:50 of 3rd period - Elias Lindholm wins face-off versus Anze Kopitar in Philadelphia Flyers zone.
15:59 of 3rd period - Slapshot by Moritz Seider.
15:59 of 3rd period - Stopped by Linus Ullmark with a rebound.
16:01 of 3rd period - Snap shot by Moritz Seider.
16:01 of 3rd period - Stopped by Linus Ullmark with a rebound.
16:03 of 3rd period - Snap shot by Anze Kopitar.
16:03 of 3rd period - Shot Blocked by Calle Jarnkrok.
16:05 of 3rd period - Snap shot by Moritz Seider.
16:05 of 3rd period - Shot Misses the Net.
16:24 of 3rd period - Snap shot by Elias Lindholm.
16:24 of 3rd period - Deflect By Tyler Bertuzzi.
16:24 of 3rd period - Shot Misses the Net.
16:24 of 3rd period - Puck is out of play.
16:25 of 3rd period - Anze Kopitar wins face-off versus Tyler Bertuzzi in Tampa Bay Lightning zone.
16:34 of 3rd period - Gabriel Landeskog is hit by Tyler Bertuzzi and loses puck.
17:49 of 3rd period - Penalty to Evgenii Dadonov is over, Evgenii Dadonov is back on ice.
18:10 of 3rd period - Wrist shot by Marcus Johansson.
18:10 of 3rd period - Shot Misses the Net.
Goals for this period are 4 for Tampa Bay Lightning vs 1 for Philadelphia Flyers.
Shots for this period are 13 for Tampa Bay Lightning vs 6 for Philadelphia Flyers.
Back to the Top